AoeStats
← Octavianus

Arena

510834691Analyzed
1v1 RM · 13h ago on Oct 2, 2026· 25m 27s· 2 players
Game mode
Random Map
Map size
Tiny (2 player)
Population
200
Speed
Normal
Resources
Standard
Victory
Conquest
Starting age
Dark Age
Ending age
Imperial Age
RankedLock teamsTeams togetherTeam positionsShared explorationLock speedFull tech treeHidden civsTurbo modeCheats
Victory
Defeat
🇷🇺 Mongols · Russia
802
+17
🇺🇸 Romans · United States
826
-44
Homer554
10:35 Feudal Age
14:23 Castle Age
12:26 Double-Bit Axe
13:03 Horse Collar
14:43 Bloodlines
14:41 Scale Barding Armor
15:14 Bow Saw
15:05 Heavy Plow
15:33 Loom
19:12 Husbandry
22:57 Wheelbarrow
24:23 Pikeman
Octavianus
11:01 Feudal Age
12:56 Man-at-Arms
14:13 Town Watch
Connection lost

Rejoining the realm…

Still unreachable

The connection could not be restored.

Session expired

The server has moved on; the page needs a fresh start.